 Dungeon Crawl Stone Soup version 0.28-b1-25-g9875b3fc8c (webtiles) character file.

Game seed: 5787657370983546501

3 cayde69 the Skirmisher (level 1, 20/20 HPs)
             Began as a Hill Orc Fighter on Feb 2, 2022.
             Was a Follower of Wu Jian.
             Quit the game on level 1 of the Dungeon.
             The game lasted 00:00:25 (223 turns).

cayde69 the Skirmisher (Hill Orc Fighter)            Turns: 223, Time: 00:00:25

Health: 20/20      AC:  6    Str: 18    XL:     1   Next: 50%
Magic:  1/1        EV:  9    Int:  8    God:    Wu Jian [*.....]
Gold:   15         SH:  4    Dex: 10    Spells: 0/0 levels left

rFire   . . .      SeeInvis .   a - +0 war axe
rCold   . . .      Faith    .   c - +0 buckler
rNeg    . . .      Spirit   .   b - +0 scale mail
rPois   .          Reflect  .   (no helmet)
rElec   .          Harm     .   (no cloak)
rCorr   .          Rampage  .   (no gloves)
Will    .....                   (no boots)
Stlth   ..........              (no amulet)
HPRegen 0.06/turn               (no ring)
MPRegen 0.07/turn               (no ring)

@: no status effects
A: no striking features
a: Renounce Religion


You were on level 1 of the Dungeon.
You worshipped Wu Jian.
Wu Jian was aware of your devotion.
You visited 1 branch of the dungeon, and saw 1 of its levels.

You collected 15 gold pieces.

Inventory:

Hand Weapons
 a - a +0 war axe (weapon)
Armour
 b - a +0 scale mail (worn)
 c - a +0 buckler (worn)
Scrolls
 e - a scroll of fog {unknown}
 g - a scroll of identify {unknown}
Potions
 d - a potion of might
 f - a potion of degeneration {unknown}
 h - a potion of cancellation {unknown}


   Skills:
 + Level 3.9 Fighting
 - Level 2.6 Axes
 - Level 3.2 Armour
 - Level 3.2 Shields


You couldn't memorise any spells.
You didn't know any spells.
Your spell library contained the following spells:

 Spells                   Type           Power      Damage    Failure   Level
 Magic Dart               Conj           0%         1d3       87%         1
 Searing Ray              Conj           0%         2d4       95%         2
 Fulminant Prism          Conj/Hex       0%         3d6       100%        4


Dungeon Overview and Level Annotations

Branches:
Dungeon (1/15)

Altars:
Wu Jian


Message History

A hobgoblin is nearby!
You closely miss the hobgoblin. The hobgoblin closely misses you.
A hobgoblin is nearby!
You hit the hobgoblin.
The hobgoblin is severely wounded.
The hobgoblin hits you but does no damage.
The hobgoblin hits you.
A hobgoblin is nearby!
You hit the hobgoblin.
You kill the hobgoblin!
HP restored.
You see here a hobgoblin corpse.
Key pressed, stopping explore.
No target in view!
h - a dark potion No target in view!
A hobgoblin comes into view.
Found a faded altar of an unknown god.
The hobgoblin shouts!
A hobgoblin is nearby!
A hobgoblin is nearby!
The hobgoblin closely misses you.
A hobgoblin is nearby!
You hit the hobgoblin.
The hobgoblin is moderately wounded.
The hobgoblin barely misses you. You block the hobgoblin's attack.
You closely miss the hobgoblin.
The hobgoblin is moderately wounded.
You block the hobgoblin's attack.
You slash the hobgoblin!
You kill the hobgoblin!
No target in view!
You see here a hobgoblin corpse.
There is a faded altar of an unknown god here.
You cannot tell which god this altar belongs to.
Convert to them anyway?
Wu Jian accepts your prayer! The Council welcomes you!
You can now perform damaging attacks by moving towards foes.
You can now lightly attack monsters by moving around them.
Are you sure you want to abandon this character and quit the game? (Confirm with "yes".)

#.............. ......
#... ........###......
#..###.#..........##.
#....................
#......$........#....
##..8.8........#.#..#.
#.......†......#.#..#.
#.8.8.8.8##.........#.
#....@...##...........
##8.8...8..........>..
###..................
#...8.......##.#.##.
#..........†##+#....
#...................
#...................
#...................
#...............


There were no monsters in sight!

Vanquished Creatures
  2 hobgoblins (D:1)
  A goblin (D:1)
3 creatures vanquished.

Notes
Turn   | Place    | Note
-------+----------+-------------------------------------------
     0 | D:1      | cayde69 the Hill Orc Fighter began the quest for the Orb.
     0 | D:1      | Reached XP level 1. HP: 19/19 MP: 1/1
   209 | D:1      | Found a faded altar of an unknown god.
   222 | D:1      | Prayed at the altar of an unknown god.
   222 | D:1      | Became a worshipper of the Wu Jian Council
   222 | D:1      | Reached * piety under Wu Jian
   223 | D:1      | Quit the game

Illustrated notes

Levels and vault maps discovered:
D:1:      minmay_arrival_plants_in_alcoves, layout_basic,
          ebering_ecumenical_altar_ruins

Action                   || total
-------------------------++-------
Melee: War axe           ||     9
Armor: Scale mail        ||     1
Dodge: Dodged            ||     5
Block: Buckler           ||     3
